 Dungeon Crawl Stone Soup version 0.23.2-1-ga50397a6bc (webtiles) character file.

Game seed: 16848731312873457448

58 Descartes the Gusty (level 4, -2/24 HPs)
             Began as a Tengu Air Elementalist on Apr 27, 2019.
             Killed from afar by a dart slug (6 damage)
             ... with a slug dart
             ... on level 2 of the Dungeon.
             The game lasted 00:06:00 (965 turns).

Descartes the Gusty (Tengu Air Elementalist)         Turns: 965, Time: 00:06:01

Health: -2/24      AC:  3    Str: 10    XL:     4   Next: 1%
Magic:  1/8        EV: 13    Int: 16    God:
Gold:   74         SH:  0    Dex: 15    Spells: 4/7 levels left

rFire    . . .     SeeInvis .   n - +1 dagger (pain)
rCold    . . .     Gourm    .   (no shield)
rNeg     . . .     Faith    .   a - +0 robe
rPois    .         Spirit   .   (helmet restricted)
rElec    .         Reflect  .   (no cloak)
rCorr    .         Harm     .   t - +0 pair of gloves
MR       .....                  (boots unavailable)
Stlth    ++........             (no amulet)
HPRegen  0.08/turn              h - +2 ring of strength
MPRegen  0.11/turn              (no ring)

@: no status effects
A: beak, talons 3
a: no special abilities


You were on level 2 of the Dungeon.
You were not hungry.

You visited 1 branch of the dungeon, and saw 2 of its levels.

You collected 74 gold pieces.

Inventory:

Hand Weapons
 g - a +0 dagger
 n - a +1 dagger of pain (weapon)
Missiles
 b - 18 sling bullets
 e - 75 stones (quivered)
 i - 11 arrows
 j - 7 needles of paralysis
 l - 23 bolts
 u - 16 poisoned needles
Armour
 a - a +0 robe (worn)
 d - a +0 ring mail
 t - a +0 pair of gloves (worn)
Jewellery
 h - a +2 ring of strength (left hand)
Scrolls
 f - 2 scrolls of teleportation {unknown}
 k - a scroll of random uselessness {unknown}
 m - a scroll of identify {unknown}
 r - a scroll of amnesia {unknown}
 s - a scroll of remove curse {unknown}
Potions
 o - a potion of curing {unknown}
 p - a potion of lignification {unknown}
 q - a potion of agility {unknown}
Comestibles
 c - 3 rations
 v - 6 chunks of flesh


   Skills:
 + Level 0.3 Fighting
 + Level 0.3 Short Blades
 + Level 0.3 Armour
 + Level 2.4 Dodging
 + Level 2.3 Stealth
 * Level 2.4 Spellcasting
 * Level 2.6 Conjurations
 * Level 4.7 Air Magic


You had 4 spell levels left.
You knew the following spells:

 Your Spells              Type           Power        Failure   Level  Hunger
a - Shock                 Conj/Air       ##..         4%          1    #......
b - Swiftness             Chrm/Air       #.......     12%         2    ###....

Your spell library contained the following spells:

 Spells                   Type           Power        Failure   Level  Hunger
 Static Discharge         Conj/Air       ##......     13%         3    ###....
 Airstrike                Air            ###.......   28%         4    #####..
 Lightning Bolt           Conj/Air       ##........   77%         5    ######.


Dungeon Overview and Level Annotations

Branches:
Dungeon (2/15)

Altars:


Innate Abilities, Weirdness & Mutations

You have a beak for a mouth.
You have claws for feet.


Message History

Aiming: Shock (safe; 4% risk of failure)
Press: ? - help, Shift-Dir - straight line, f - dart slug
Aim: a dart slug The zap hits the dart slug.
The dart slug is lightly wounded.
Casting: Shock (safe; 4% risk of failure)
Confirm with . or Enter, or press ? or * to list all spells.
You don't have enough magic to cast that spell.
Unknown command.
The dart slug launches a dart at you. The slug dart hits you.
* * * LOW HITPOINT WARNING * * *
You see here a +0 robe.
You see here a rat corpse.
You butcher the rat corpse.
v - 6 chunks of flesh (gained 1)
You see here a rat skeleton.
The dart slug launches a dart at you. The slug dart hits you.
You die...

.....................
###....#####...#### #.
#..#. .. #.#.## .#.
#...## #..#>...#
......#.# #......##
.....##.# ####....##
.....##.#########.#..####
.......................÷.
.......[@..######.#.#÷.#.
...w†##÷##......#....#÷÷.
........#######.####.#...
#.......# #..........
#.......# #######....
####....# ##... #....#
#... ##...# #... #...#
#...


You could see a dart slug.

Vanquished Creatures
  Jessica (D:2)
  A worm (D:2)
  2 leopard geckos
  A giant cockroach (D:1)
  2 goblins
  3 hobgoblins (D:1)
  2 kobolds (D:1)
  6 bats
  3 frilled lizards
  8 rats
29 creatures vanquished.

Notes
Turn   | Place    | Note
-------+----------+-------------------------------------------
     0 | D:1      | Descartes the Tengu Air Elementalist began the quest for
                  | the Orb.
     0 | D:1      | Reached XP level 1. HP: 10/10 MP: 4/4
   175 | D:1      | Reached XP level 2. HP: 15/15 MP: 3/6
   266 | D:1      | Learned a level 2 spell: Swiftness
   812 | D:2      | Reached XP level 3. HP: 19/19 MP: 2/7
   951 | D:2      | Noticed Jessica
   959 | D:2      | Killed Jessica
   959 | D:2      | Reached XP level 4. HP: 13/24 MP: 1/8
   965 | D:2      | Killed from afar by a dart slug

Skill      XL: |  1  2 |
---------------+-------+-----
Conjurations   | 2 |  2.6
Fighting       | |  0.3
Short Blades   | |  0.3
Armour         | |  0.3
Dodging        | |  2.4
Stealth        | |  2.3
Spellcasting   | |  2.4
Air Magic      | |  4.7

Action                   |  1- 3 |  4- 6 || total
-------------------------+-------+-------++-------
Melee: Dagger            |     4 |       ||     4
 Cast: Shock             |    50 |     1 ||    51
  Eat: Chunk             |     1 |       ||     1
Armor: Robe              |     2 |       ||     2
Dodge: Dodged            |    11 |       ||    11
